 Dungeon Crawl Stone Soup version 0.22.0-1-g6561e4c (webtiles) character file.

37 letownia2 the Insei (level 3, 14/26 HPs)
             Began as a Demonspawn Transmuter on Aug 12, 2018.
             Quit the game on level 2 of the Dungeon.
             The game lasted 00:02:41 (418 turns).

letownia2 the Insei (Demonspawn Transmuter)          Turns: 418, Time: 00:02:42

Health: 14/26      AC:  5    Str: 11    XL:     3   Next: 23%
Magic:  5/6        EV: 12    Int: 14    God:
Gold:   16         SH:  0    Dex: 13    Spells: 2/6 levels left

rFire    . . .     SeeInvis .     - Unarmed
rCold    . . .     Gourm    .   (no shield)
rNeg     . . .     Faith    .   j - +0 leather armour
rPois    .         Spirit   .   (no helmet)
rElec    .         Reflect  .   (no cloak)
rCorr    .         Harm     .   (no gloves)
MR       .....                  (boots currently unavailable)
Stlth    ++........             (no amulet)
HPRegen  0.08/turn              (no ring)
MPRegen  0.10/turn              (no ring)

@: appendage (expiring), very slightly contaminated
A: talons 3, icy blue scales 1, nightstalker 1
a: End Transformation


You were on level 2 of the Dungeon.
You were not hungry.
You had grown temporary talons.
You visited 1 branch of the dungeon, and saw 3 of its levels.

You collected 16 gold pieces.

Inventory:

Missiles
 a - 49 arrows
 f - 7 tomahawks (quivered)
Armour
 b - a +0 robe
 j - a +0 leather armour (worn)
 l - a +0 pair of boots
Scrolls
 c - 2 scrolls of remove curse {unknown}
 e - a scroll of fog {unknown}
 g - 3 scrolls of blinking {unknown}
 h - a scroll of identify {unknown}
 k - a scroll of enchant weapon {unknown}
Potions
 i - a potion of curing {unknown}
 m - a potion of lignification {unknown}
Comestibles
 d - 2 rations


   Skills:
 - Level 1.0 Fighting
 - Level 1.7 Dodging
 + Level 4.0 Unarmed Combat
 - Level 2.0 Spellcasting
 - Level 1.7 Transmutations


You had 2 spell levels left.
You knew the following spells:

 Your Spells              Type           Power        Failure   Level  Hunger
a - Beastly Appendage     Tmut           #.....       16%         1    ##.....
p - Spider Form           Tmut/Pois      #.........   54%         3    ####...

Your spell library contained the following spells:

 Spells                   Type           Power        Failure   Level  Hunger
 Blade Hands              Tmut           #.........   99%         5    ######.
 Ice Form                 Ice/Tmut       #.......     91%         4    #####..
 Sticks to Snakes         Tmut           #.......     22%         2    ###....


Dungeon Overview and Level Annotations

Branches:
Dungeon (3/15)

Altars:


Innate Abilities, Weirdness & Mutations

You are partially covered in icy blue scales. (AC +2)
You are slightly more attuned to the shadows.
You have claws for feet.


Message History

You see here 2 needles of sleeping.
The helpless ball python fails to defend itself.
You hit the ball python. Your kick misses the ball python.
The ball python is severely wounded.
The ball python closely misses you. The ball python grabs you.
The ball python constricts you.
You hit the ball python.
You kill the ball python!
You see here a ball python corpse.
This spell is quite dangerous to cast!
Memorise Spider Form, consuming 3 spell levels and leaving 2?
You start memorising the spell.
You continue memorising. x3
Your transformation is almost over.
You finish memorising.
Spell assigned to 'b'.
Adjust (i)tems, (s)pells, or (a)bilities?
Adjust which spell? b - Spider Form Adjust to which letter? p - Spider Form Are you sure you want to abandon this character and quit the game? (Confirm with "yes".)

#...####...# ##.##
##. #...###
##.##.########
......#..#.#.#
..8..#....#.####
#...#..#.....#.#
..8...#.......####
#...##.###.....#@#
##.##.#%####...(##
##'##############
.....†.......
....###...###
....# ...# ....#
...# ##### ...#
##..


There were no monsters in sight!

Vanquished Creatures
  A dart slug (D:1)
  2 leopard geckos (D:2)
  A ball python (D:2)
  3 giant cockroaches
  9 goblins
  2 hobgoblins (D:1)
  3 kobolds (D:1)
  3 bats
  3 frilled lizards (D:1)
  3 rats (D:1)
30 creatures vanquished.

Notes
Turn   | Place    | Note
-------+----------+-------------------------------------------
     0 | D:1      | letownia2 the Demonspawn Transmuter began the quest for the Orb.
     0 | D:1      | Reached XP level 1. HP: 15/15 MP: 3/3
    81 | D:1      | Reached skill level 3 in Unarmed Combat
   110 | D:1      | Gained mutation: You are partially covered in icy blue scales. (AC +2) [demonic ancestry]
   110 | D:1      | Reached XP level 2. HP: 9/21 MP: 5/5
   291 | D:2      | Gained mutation: You are slightly more attuned to the shadows. [demonic ancestry]
   291 | D:2      | Reached XP level 3. HP: 8/26 MP: 6/6
   387 | D:2      | Reached skill level 4 in Unarmed Combat
   418 | D:2      | Learned a level 3 spell: Spider Form
   418 | D:2      | Quit the game

Skill      XL: |  1  2  3 |
---------------+----------+-----
Unarmed Combat | 3 4 |  4.0
Fighting       | |  1.0
Dodging        | |  1.7
Spellcasting   | |  2.0
Transmutations | |  1.7

Action                   || total
-------------------------++-------
Melee: Unarmed           ||    80
       Headbutt          ||     7
       Kick              ||     7
       Punch             ||     1
Throw: Tomahawk          ||     2
 Cast: Beastly Appendage ||    16
 Stab: Sleeping          ||     1
Armor: Robe              ||     6
       Leather armour    ||     7
Dodge: Dodged            ||    40
